 Dungeon Crawl Stone Soup version 0.22.0-6-g71bd7aa6b3 (webtiles) character file.

10916 CrazyKiwi the Carver (level 11, 0/89 HPs)
             Began as a Barachi Fighter on Aug 15, 2018.
             Was a High Priest of Okawaru.
             Slain by an ice devil (7 damage)
             ... on level 1 of the Lair of Beasts.
             The game lasted 00:51:17 (9139 turns).

CrazyKiwi the Carver (Barachi Fighter)              Turns: 9139, Time: 00:51:18

Health: 0/89       AC: 20    Str: 20    XL:     11   Next: 69%
Magic:  0/14       EV:  9    Int: 10    God:    Okawaru [*****.]
Gold:   567        SH: 12    Dex: 11    Spells: 9/10 levels left

rFire    + + .     SeeInvis .   a - +4 long sword (freeze)
rCold    + . .     Gourm    .   j - +1 shield {AC+3}
rNeg     . . .     Faith    .   M - +0 plate armour
rPois    +         Spirit   +   (no helmet)
rElec    +         Reflect  .   (no cloak)
rCorr    +         Harm     .   o - +0 pair of gloves
MR       .....                  (no boots)
Stlth    ..........             t - amulet of guardian spirit
HPRegen  0.24/turn              k - ring of stealth
MPRegen  0.14/turn              E - ring of protection from fire

@: resistant, heroism, can't hop, slow
A: +LOS, swims, slowness 1, strong legs 1
a: Hop, Heroism, Finesse, Renounce Religion


You were on level 1 of the Lair of Beasts.
You worshipped Okawaru.
Okawaru was extremely pleased with you.
You were not hungry.

You visited 3 branches of the dungeon, and saw 12 of its levels.

You collected 567 gold pieces.

Inventory:

Hand Weapons
 a - a +4 long sword of freezing (weapon)
 b - the +8 hunting sling of Departure {venom, rN+}
   (You found it on level 7 of the Dungeon)

   It poisons the ammo it fires.
   It protects you from negative energy.
 R - a cursed +0 great sword
 X - a cursed -1 falchion
Missiles
 g - 114 arrows
 u - 48 poisoned needles
 y - 34 bolts
 A - 198 stones (quivered)
 B - 62 sling bullets
 C - 7 tomahawks
 G - 8 needles of frenzy
 T - 7 tomahawks of dispersal
Armour
 c - a +0 shield
 e - a +0 buckler
 j - a +1 shield of protection (worn)
 o - a +0 pair of gloves (worn)
 K - +0 fire dragon scales
 L - a +0 chain mail
 M - a +0 plate armour (worn)
 N - a +0 plate armour
Jewellery
 d - an uncursed ring of magical power {unknown}
 k - a ring of stealth (left hand)
 t - an amulet of guardian spirit (around neck)
 E - a ring of protection from fire (right hand)
 H - a cursed amulet of inaccuracy {unknown}
 Q - an uncursed ring of stealth
 W - a +5 amulet of reflection {unknown}
Wands
 w - a wand of polymorph (7)
 D - a wand of disintegration (11)
 F - a wand of flame (28)
 J - a wand of acid (4)
 O - a wand of clouds (1)
Scrolls
 h - 5 scrolls of enchant armour {unknown}
 l - a scroll of vulnerability {unknown}
 m - 4 scrolls of remove curse {unknown}
 n - 3 scrolls of enchant weapon {unknown}
 r - 3 scrolls of teleportation {unknown}
 s - 2 scrolls of amnesia {unknown}
 v - 2 scrolls of immolation {unknown}
 x - 9 scrolls of identify {unknown}
 z - 4 scrolls of noise {unknown}
 P - 3 scrolls of fear {unknown}
 Y - a scroll of fog {unknown}
Potions
 i - 8 potions of heal wounds {unknown}
 p - 7 potions of curing
 I - 2 potions of flight {unknown}
 S - a potion of mutation {unknown}
 V - a potion of agility
Miscellaneous
 Z - a fan of gales (inert)
Comestibles
 f - 12 rations
 q - 8 chunks of flesh


   Skills:
 + Level 9.0(14.0) Fighting
 + Level 11.0(16.0) Long Blades
 + Level 10.0(15.1) Slings
 - Level 3.0(12.0) Throwing
 + Level 9.0(14.0) Armour
 + Level 4.3(9.3) Dodging
 - Level 1.1(6.1) Stealth
 + Level 4.0(9.0) Shields
 + Level 4.0 Invocations


You had 9 spell levels left.
You knew the following spells:

 Your Spells              Type           Power        Failure   Level  Hunger
a - Infusion              Chrm           #...         100%        1    ##.....

Your spell library contained the following spells:

 Spells                   Type           Power        Failure   Level  Hunger
 Regeneration             Chrm/Necr      #.........   100%        3    ####...
 Shroud of Golubria       Chrm/Tloc      #.........   100%        2    ###....
 Song of Slaying          Chrm           #.......     100%        2    ###....
 Spectral Weapon          Hex/Chrm       #.......     100%        3    ####...


Dungeon Overview and Level Annotations

Branches:
Dungeon (10/15)            Temple (1/1) D:6            Lair (1/6) D:8
    Orc (0/2) D:10

Altars:
Ashenzari
Cheibriados
Dithmenos
Elyvilon
Fedhas
Gozag
Hepliaklqana
Kikubaaqudgha
Makhleb
Nemelex Xobeh
Okawaru
Qazlal
Ru
Sif Muna
Trog
Vehumet
Wu Jian
Xom
Yredelemnul
Zin
The Shining One
Beogh

Shops:
D:4 %   D:7 %

Portals:
Ice
Cave: Lair:1

Annotations:
D:5 !Eustachio, Ribbit, Pikel, Eustachio, Pikel, Prince Ribbit
D:6 exclusion: oklob plant
D:7 3 runed doors


Innate Abilities, Weirdness & Mutations

Shadows flee at your approach. (+LOS)
You can swim through water.
You cover ground slowly.
You can hop short distances.


Message History

The ice devil is moderately wounded.
Fire/throw which item? (* to show all) (? for menu, Esc to quit)
Okay, then.
Evoke which item? (* to show all) (? for menu, Esc to quit)
A fierce wind blows from the fan.
You block the ice devil's attack.
Okay, then.
Evoke which item? (* to show all) (? for menu, Esc to quit)
Aiming: Throw Flame
Press: ? - help, Shift-Dir - straight line, f/p - ice devil
Aim: an ice devil (moderately wounded)
The puff of flame misses the ice devil.
You block the ice devil's attack.
You gain the combat prowess of a mighty hero.
The ice devil hits you. The ice devil freezes you!
* * * LOW HITPOINT WARNING * * *
It was a potion of resistance.
You feel protected. The ice devil hits you.
* * * LOW HITPOINT WARNING * * *
The ice devil freezes you! You resist.
You die...

##....#......###.#..#..#
.....#.................#
⌠...#.#.###...........##
....#.................#
..⌠.#P..###.......###.#
....#.................#
⌠....##..###.##..####.#
....###...............#
.......##.#...PP@##...#
.##.....#.......4.....#
..#...⌠[..#.##........#
...##...#### #+#'###..#
.....#+.#.. #...# #..#
#.#.##.#.# ##(## #P.#
##..##...### #(# ##.#
...........# .(. #.<#
####P...#### ..... #..#


You could see an ice devil.

Vanquished Creatures
  5 death yaks (D:8)
  An ugly thing (D:8)
  2 spiny frogs (Lair:1)
  An ice devil (Lair:1)
  A troll (D:9)
  A hornet (D:9)
  3 hippogriffs
  Grinder (D:4)
  10 yaks
  Menkaure (D:4)
  A water moccasin (Lair:1)
  4 porcupines (Lair:1)
  A black bear (D:6)
  An ice beast (D:3)
  5 sky beasts
  A hornet zombie (D:6)
  A necrophage (D:5)
  3 orc warriors (D:9)
  An ogre (D:9)
  2 big kobolds (D:9)
  5 bullfrogs
  A wyvern skeleton (D:9)
  2 scorpions
  11 killer bees
  8 wights
  2 howler monkeys (D:6)
  A crimson imp (D:6)
  3 quasits
  2 jellies
  An orc priest (D:9)
  A hound (D:6)
  2 orc wizards
  4 bullfrog skeletons
  A centaur skeleton (D:4)
  An iguana (D:9)
  Natasha (thrice) (D:2)
  4 worker ants
  A hound zombie (D:9)
  A worker ant zombie (D:9)
  3 gnolls (D:8)
  2 adders (D:2)
  A howler monkey skeleton (D:6)
  2 shadow imps
  An ooze (D:1)
  2 adder skeletons
  A worm (D:9)
  3 leopard geckos
  37 orcs
  7 giant cockroaches
  9 goblins
  2 hobgoblins
  4 jackals (D:1)
  6 quokkas
  2 ball pythons
  11 bats
  6 frilled lizards
  12 kobolds
  A quokka skeleton (D:6)
  7 rats
219 creatures vanquished.

Notes
Turn   | Place    | Note
-------+----------+-------------------------------------------
     0 | D:1      | CrazyKiwi the Barachi Fighter began the quest for the Orb.
     0 | D:1      | Reached XP level 1. HP: 18/18 MP: 1/1
   247 | D:1      | Reached XP level 2. HP: 21/25 MP: 2/2
   608 | D:1      | Reached XP level 3. HP: 22/30 MP: 3/3
   631 | D:1      | Reached skill level 3 in Long Blades
  1112 | D:2      | Found an ornate altar of the Wu Jian Council.
  1199 | D:2      | Found an ancient bone altar of Kikubaaqudgha.
  1228 | D:2      | Reached XP level 4. HP: 37/37 MP: 4/4
  1265 | D:2      | Noticed Natasha
  1279 | D:2      | Killed Natasha
  1279 | D:2      | Reached skill level 4 in Long Blades
  1505 | D:2      | Noticed Natasha
  1518 | D:2      | Killed Natasha
  1734 | D:2      | Noticed Natasha
  1741 | D:2      | Killed Natasha
  1741 | D:2      | Reached XP level 5. HP: 42/42 MP: 5/5
  2285 | D:3      | Found a glowing golden altar of the Shining One.
  2661 | D:3      | Noticed an ice beast
  2676 | D:3      | Killed an ice beast
  2676 | D:3      | Reached skill level 5 in Long Blades
  2676 | D:3      | Reached skill level 1 in Dodging
  2676 | D:3      | Reached XP level 6. HP: 49/49 MP: 6/6
  2847 | D:4      | Noticed Grinder
  2850 | D:4      | Paralysed by Grinder for 6 turns
  2918 | D:4      | Paralysed by Grinder for 2 turns
  2923 | D:4      | Killed Grinder
  2923 | D:4      | Reached skill level 5 in Fighting
  2923 | D:4      | Reached skill level 6 in Long Blades
  2923 | D:4      | Reached skill level 5 in Armour
  2923 | D:4      | Reached XP level 7. HP: 23/56 MP: 4/7
  3077 | D:4      | Found a shimmering altar of Xom.
  3078 | D:4      | Noticed Menkaure
  3083 | D:4      | Killed Menkaure
  3083 | D:4      | Reached skill level 1 in Slings
  3083 | D:4      | Reached skill level 1 in Stealth
  3366 | D:4      | Found Teklug's Food Emporium.
  3695 | D:5      | Entered Level 5 of the Dungeon
  3695 | D:5      | Noticed Pikel
  3848 | D:5      | Noticed Prince Ribbit
  3873 | D:5      | Noticed Eustachio
  3890 | D:5      | You fall through a shaft!
  3916 | D:6      | Reached XP level 8. HP: 62/62 MP: 8/8
  3942 | D:6      | Reached skill level 7 in Long Blades
  4103 | D:6      | Reached skill level 1 in Throwing
  4214 | D:6      | Found a radiant altar of Vehumet.
  4214 | D:6      | Noticed an oklob plant
  4693 | D:6      | Reached skill level 8 in Long Blades
  4697 | D:6      | Found a staircase to the Ecumenical Temple.
  4713 | Temple   | Entered the Ecumenical Temple
  4953 | Temple   | Became a worshipper of Warmaster Okawaru
  5156 | D:6      | Found a shimmering altar of Xom.
  5582 | D:7      | Found Hotuh's Food Shoppe.
  5602 | D:7      | Found a runed gate.
  5611 | D:7      | Found a runed gate.
  5611 | D:7      | Found a runed gate.
  5704 | D:7      | Reached XP level 9. HP: 70/70 MP: 9/9
  5736 | D:7      | Learned a level 1 spell: Infusion
  5957 | D:7      | Reached skill level 9 in Long Blades
  6057 | D:7      | Got a transparent hunting sling
  6068 | D:7      | Identified the +8 hunting sling of Departure {venom, rN+} (You found it on level 7 of the Dungeon)
  6082 | D:7      | You fall through a shaft for 3 floors!
  6082 | D:10     | Entered Level 10 of the Dungeon
  6088 | D:10     | Found a staircase to the Orcish Mines.
  6103 | D:9      | Noticed a hornet
  6108 | D:9      | Killed a hornet
  6108 | D:9      | Reached * piety under Okawaru
  6263 | D:9      | Reached skill level 10 in Long Blades
  6293 | D:9      | Found a snail-covered altar of Cheibriados.
  6448 | D:9      | Reached ** piety under Okawaru
  6628 | D:9      | Reached XP level 10. HP: 78/78 MP: 10/10
  6667 | D:9      | Reached skill level 5 in Slings
  6967 | D:9      | Found a roughly hewn altar of Beogh.
  7155 | D:9      | Reached skill level 1 in Invocations
  7634 | D:8      | Reached *** piety under Okawaru
  7702 | D:8      | Noticed a death yak
  7712 | D:8      | Killed a death yak
  7723 | D:8      | Noticed a death yak
  7727 | D:8      | Noticed a death yak
  7728 | D:8      | Noticed a death yak
  7733 | D:8      | Noticed a death yak
  7736 | D:8      | Found a staircase to the Lair.
  7742 | D:8      | Killed a death yak
  7742 | D:8      | Reached **** piety under Okawaru
  7748 | D:8      | Received a gift from Okawaru
  7768 | D:8      | Killed a death yak
  7768 | D:8      | Reached XP level 11. HP: 85/85 MP: 10/13
  7771 | D:8      | Killed a death yak
  7773 | D:8      | Killed a death yak
  7773 | D:8      | Reached ***** piety under Okawaru
  7918 | D:8      | Noticed a cyan ugly thing
  7928 | D:8      | Killed a cyan ugly thing
  8051 | D:8      | Found a basalt altar of Yredelemnul.
  8241 | D:8      | Found a sparkling altar of Nemelex Xobeh.
  8337 | D:7      | Found a shattered altar of Ashenzari.
  8337 | D:7      | Found a deep blue altar of Sif Muna.
  8541 | Lair:1   | Entered Level 1 of the Lair of Beasts
  8659 | Lair:1   | Received a gift from Okawaru
  9006 | Lair:1   | Reached skill level 11 in Long Blades
  9095 | Lair:1   | Reached skill level 10 in Slings
  9115 | Lair:1   | Found a frozen archway.
  9139 | Lair:1   | Slain by an ice devil

Skill      XL: |  1  2  3  4  5  6  7  8  9 10 11 |
---------------+----------------------------------+-----
Fighting       | 4 5 6 7 8 9 |  9.0
Armour         | 4 5 7 8 9 |  9.0
Long Blades    | 3 4 5 6 8 10 11 | 11.0
Dodging        | 1 2 3 4 |  4.3
Shields        | 4 |  4.0
Slings         | 2 4 8 10 | 10.0
Stealth        | 1 |  1.1
Throwing       | 2 3 |  3.0
Invocations    | 3 4 |  4.0

Action                   |  1- 3 |  4- 6 |  7- 9 | 10-12 || total
-------------------------+-------+-------+-------+-------++-------
Melee: Long sword        |    95 |   101 |   266 |    81 ||   543
 Fire: Hunting sling     |     5 |     5 |    80 |   218 ||   308
Throw: Tomahawk          |       |       |    30 |     2 ||    32
       Stone             |       |       |     5 |       ||     5
Invok: Heroism           |       |       |     1 |     6 ||     7
 Abil: Hop               |       |     3 |     5 |    11 ||    19
Evoke: Wand              |       |       |       |     6 ||     6
       Fan of gales      |       |       |       |     1 ||     1
  Use: Potion            |       |     3 |       |     8 ||    11
       Scroll            |       |       |     1 |       ||     1
 Stab: Invisible         |       |     2 |       |     6 ||     8
  Eat: Chunk             |     2 |     6 |    10 |     9 ||    27
       Ration            |       |       |     1 |       ||     1
Armor: Scale mail        |    62 |    50 |   100 |     9 ||   221
       Fire dragon scale |       |       |       |    16 ||    16
       Plate armour      |       |       |       |     3 ||     3
Dodge: Dodged            |    50 |    54 |   117 |    32 ||   253
Block: Buckler           |    24 |    27 |    43 |    11 ||   105
       Shield            |       |       |       |     8 ||     8
       Rpst.: Long sword |    15 |    22 |    34 |     6 ||    77
